 Dungeon Crawl Stone Soup version 0.20-a0-433-g9e36e56 (webtiles) character file.

107 Faca the Shield-Bearer (level 5, -2/42 HPs)
             Began as a Formicid Fighter on Jan 3, 2017.
             Killed from afar by Natasha (7 damage)
             ... with a magic dart
             ... on level 2 of the Dungeon.
             The game lasted 00:03:43 (1385 turns).

Faca the Shield-Bearer (Formicid Fighter)           Turns: 1385, Time: 00:03:43

Health: -2/42      AC:  9    Str: 21    XL:     5   Next: 11%
Magic:  5/5        EV:  6    Int:  7    God:
Gold:   96         SH: 11    Dex: 11    Spells: 4/4 levels left

rFire  . . .     SeeInvis +     a - +1 long sword
rCold  . . .     Gourm    .     e - +0 chain mail (curse)
rNeg   . . .     Faith    .     c - +1 shield
rPois  .         Spirit   .     (helmet unavailable)
rElec  .         Reflect  .     (no cloak)
rCorr  .         Harm     .     (no gloves)
MR     .....                    (no boots)
Stlth  ..........               (no amulet)
                                (no ring)
                                (no ring)

@: no status effects
A: permanent stasis, dig shafts and tunnels, four strong arms, antennae 3
a: Dig, Shaft Self


You were on level 2 of the Dungeon.
You were not hungry.

You visited 1 branch of the dungeon, and saw 2 of its levels.

You collected 96 gold pieces.

Inventory:

Hand Weapons
 a - a +1 long sword (weapon)
Armour
 c - a +1 shield (worn)
 e - a cursed +0 chain mail (worn)
Scrolls
 k - a scroll of identify
Potions
 d - a potion of might
 h - a potion of resistance
 l - a potion of curing
Comestibles
 f - a bread ration


   Skills:
 + Level 4.0 Fighting
 + Level 3.0 Long Blades
 + Level 4.0 Armour
 + Level 4.6 Shields


You had 4 spell levels left.
You didn't know any spells.

Dungeon Overview and Level Annotations

Branches:
Dungeon (2/15)

Altars:
Dithmenos
Qazlal

Annotations:
D:2 Natasha


Innate Abilities, Weirdness & Mutations

You cannot be hasted, slowed, berserked, paralysed or teleported.
You can dig through walls and to a lower floor.
Your four strong arms can wield two-handed weapons with a shield.
You have a pair of large antennae on your head. (SInv)


Message History

You block Natasha's attack. The white imp hits you.
* * * LOW HITPOINT WARNING * * *
The white imp freezes you.
* * * LOW HITPOINT WARNING * * *
You closely miss Natasha.
Natasha is severely wounded.
Natasha casts a spell at you. You resist with some effort.
The white imp hits you but does no damage.
Your chain mail prevents you from hitting Natasha.
Natasha is severely wounded.
You block Natasha's attack.
The white imp hits you but does no damage.
You block Natasha's attack.
You miss Natasha.
Natasha is severely wounded.
You block the white imp's attack.
Natasha stares at you and mumbles some strange words.
The magic dart hits you!
You die...

.............).....'....+.'......
##.......h...#.#####.............
#.........#...# ###....#........
#.........#######.....###.......
#########.........##..###..##...
####.......###..#..###...
###..<........##.....##.... {
........†5h........).......
.......##.@.##.........##..
........##.####..._...####.
............##.........##..
.......###.................
.....$. ###..##.....##....
...#### #.###..#..###.## ..
#.##..###.[##.# . #.....###.....#
##.....#.....##


You could see Natasha and a white imp.

Vanquished Creatures
  Natasha (D:2)
  3 adders (D:2)
  3 dart slugs (D:1)
  6 bats
  2 giant cockroaches
  5 goblins
  3 hobgoblins
  10 jackals (D:2)
  A quokka (D:2)
  6 frilled lizards (D:1)
  3 kobolds
  8 rats
51 creatures vanquished.

Notes
Turn   | Place    | Note
-------+----------+-------------------------------------------
     0 | D:1      | Faca the Formicid Fighter began the quest for the Orb.
     0 | D:1      | Reached XP level 1. HP: 18/18 MP: 1/1
    34 | D:1      | Reached XP level 2. HP: 24/24 MP: 2/2
   309 | D:1      | Reached XP level 3. HP: 16/29 MP: 3/3
   664 | D:2      | Found a stormy altar of Qazlal.
   695 | D:2      | Found a shadowy altar of Dithmenos.
   729 | D:2      | Reached XP level 4. HP: 29/37 MP: 4/4
  1139 | D:2      | Noticed Natasha
  1165 | D:2      | Killed Natasha
  1165 | D:2      | Reached XP level 5. HP: 4/42 MP: 5/5
  1327 | D:2      | Noticed Natasha
  1385 | D:2      | Killed from afar by Natasha

Vault maps used:
D:1:      scummos_arrival_simple_fountains
D:2:      nicolae_overflow_crystal_walls, nicolae_dithmenos_shadow_blocks,
          uniq_natasha

Skill      XL: |  1  2  3  4 |
---------------+-------------+-----
Shields        | 4 |  4.6
Fighting       | 4 |  4.0
Long Blades    | 3 |  3.0
Armour         | 4 |  4.0

Action                   |  1- 3 |  4- 6 || total
-------------------------+-------+-------++-------
Melee: Long sword        |    87 |    80 ||   167
  Use: Scroll            |     5 |     3 ||     8
  Eat: Pizza             |       |     1 ||     1
Armor: Scale mail        |    39 |     4 ||    43
       Chain mail        |       |    56 ||    56
Dodge: Dodged            |    35 |    14 ||    49
Block: Shield            |    51 |    49 ||   100
       Rpst.: Long sword |    16 |     6 ||    22
